 Dungeon Crawl Stone Soup version 0.30-b1-2-g02819fbbbe (webtiles) character file.

Game seed: 16567434229452649511

16 redmage the Digger (level 2, 0/20 HPs)
             Began as a Meteoran Earth Elementalist on Aug 1, 2023.
             Slain by a goblin
             ... wielding a +0 club
             ... led by Robin
              (4 damage)
             ... on level 2 of the Dungeon.
             The game lasted 00:01:22 (105 turns).

redmage the Digger (Meteoran Earth Elementalist)     Turns: 105, Time: 00:01:23

Health: 0/20       AC:  2    Str:  9    XL:     2   Next: 94%
Magic:  5/7        EV: 12    Int: 16    God:
Gold:   0          SH:  0    Dex: 14    Spells: 6/7 levels left

rFire   . . .        (no weapon)
rCold   . . .        (no shield)
rNeg    . . .        a - +0 robe
rPois   .            (no helmet)
rElec   .            (no cloak)
rCorr   .            (no gloves)
SInv    .            (no boots)
Will    .....        (no amulet)
Stlth   +            (no ring)
HPRegen 0.23/turn    (no ring)
MPRegen 0.10/turn

%: no passive effects
@: glowing
A: sense surroundings 1, otherworldly, glowing, explore regen
a: no special abilities


You were on level 2 of the Dungeon.
You visited 1 branch of the dungeon, and saw 4 of its levels.

Inventory:

Armour
 a - a +0 robe (worn)
Scrolls
 c - a scroll of enchant armour {unknown}
 d - a scroll of fog {unknown}
Potions
 b - a potion of magic


   Skills:
 + Level 2.7 Dodging
 + Level 1.6 Stealth
 + Level 3.0 Spellcasting
 + Level 1.7 Transmutations
 + Level 3.8 Earth Magic


You had 6 spell levels left.
You knew the following spells:

 Your Spells              Type           Power      Damage    Failure   Level
a - Sandblast             Erth           28%        2d8       3%          1

Your spell library contained the following spells:

 Spells                   Type           Power      Damage    Failure   Level
 Passwall                 Tmut/Erth      9%         N/A       9%          2
 Stone Arrow              Conj/Erth      16%        3d8       26%         3
 Petrify                  Tmut/Erth      11%        N/A       52%         4


Dungeon Overview and Level Annotations

Branches:
Dungeon (4/15) Zot: 2284
 Temple: D:4-7

Altars:

Annotations:
D:2 Robin


Innate Abilities, Weirdness & Mutations

You passively map a small area around you.
You are easily found by Zot.
You glow in the dark.
You regain HP and MP as you explore.


Message History

Aiming: Sandblast (safe; 3% risk of failure)
Press: ? - help, Shift-Dir - straight line, f/p - goblin
Aim: a goblin, wielding a +0 club (77% to hit)
The blast of sand hits the goblin!
You kill the goblin!
The hobgoblin hits you.
* * * LOW HITPOINT WARNING * * *
Unknown command.
Casting: Sandblast (safe; 3% risk of failure)
Confirm with . or Enter, or press ? or * to list all spells.
Aiming: Sandblast (safe; 3% risk of failure)
Press: ? - help, Shift-Dir - straight line, f - hobgoblin
Aim: a hobgoblin (82% to hit)
The blast of sand hits the hobgoblin.
The hobgoblin is almost dead.
The hobgoblin hits you but does no damage.
The hobgoblin misses you.
Casting: Sandblast (safe; 3% risk of failure)
Confirm with . or Enter, or press ? or * to list all spells.
Aiming: Sandblast (safe; 3% risk of failure)
Press: ? - help, Shift-Dir - straight line, f/p - hobgoblin
Aim: a hobgoblin (almost dead, 82% to hit)
The blast of sand hits the hobgoblin!
You kill the hobgoblin!
Your Spellcasting skill increases to level 3!
Unknown command.
Unknown command.
Found a scroll labelled JARATRUESU.
d - a scroll labelled JARATRUESU
There is a stone staircase leading up here.
You climb upwards.
Level annotation: Robin The goblin hits you with a +0 club.
The goblin misses you.
The hobgoblin hits you but does no damage.
The hobgoblin hits you.
* * * LOW HITPOINT WARNING * * *
The goblin hits you but does no damage. The goblin closely misses you.
There is a stone staircase leading down here.
The goblin barely misses you. The goblin hits you with a +0 club.
You die...

* * ######....##
* #.......gg.#
** *
##.###l#.g..# *
* , ..**#g##g#.#
*, ###. #g# g# #
* ...#,#.# #, *
, #.. #.# #.# *
,
#.####g##.#.....
, #.....g@gl..#
> * *
#.####g####...#
* * ## #.##, , *
,* *... * * *
##. # *


You could see 2 hobgoblins, 2 goblins and a frilled lizard.

Vanquished Creatures
  2 dart slugs
  7 goblins
  A hobgoblin (D:3)
  A kobold (D:3)
  A rat (D:3)
12 creatures vanquished.

Notes
Turn   | Place    | Note
-------+----------+-------------------------------------------
     0 | D:1      | redmage the Meteoran Earth Elementalist began the quest for
                  | the Orb.
     0 | D:1      | Reached XP level 1. HP: 14/14 MP: 5/5
     0 | D:1      | Noticed an iron dragon
     0 | D:1      | Noticed a shadow dragon
     2 | D:1      | Noticed a shadow dragon
     2 | D:1      | Noticed an orb of fire
     4 | D:1      | Noticed a shadow dragon
     5 | D:1      | Noticed a green draconian
     6 | D:1      | Noticed an orb of fire
    11 | D:1      | Noticed an ice dragon
    13 | D:1      | Noticed a red draconian
    13 | D:1      | Noticed an iron dragon
    15 | D:1      | Noticed a shadow dragon
    15 | D:1      | Noticed a tentacled monstrosity
    15 | D:1      | Noticed a shadow dragon
    17 | D:1      | Noticed an ice dragon
    17 | D:1      | Noticed an orb of fire
    17 | D:1      | Noticed an iron dragon
    19 | D:1      | Noticed a tentacled monstrosity
    27 | D:2      | Noticed Robin
    35 | D:2      | Reached XP level 2. HP: 20/20 MP: 0/6
    67 | D:4      | Noticed a hound
   105 | D:2      | Slain by a goblin

Illustrated notes

Levels and vault maps discovered:
D:1:      shiori_arrival_whats_in_store_for_you, layout_rooms,
          serial_bayou_pond_c, minmay_hedge_maze
D:2:      minmay_razor_zed, layout_loops_ring, uniq_robin
D:3:      lemuel_castle_with_subvaults [lemuel_castle_interior_original],
          layout_rooms, st_stairs_8
D:4:      layout_rooms, minmay_temple_entry_large_hall,
          nicolae_kite_square_tiling_tiny, dk_noncrumbling_4,
          chequers_serial_rivers_room_b, minmay_diced_spiral, uniq_sigmund

Skill      XL: |  1  2 |
---------------+-------+-----
Spellcasting   | 3 |  3.0
Dodging        | |  2.7
Stealth        | |  1.6
Transmutations | |  1.7
Earth Magic    | |  3.8

Action                     || total
---------------------------++-------
  Melee: Unarmed           ||     1
   Cast: Sandblast         ||    17
   Stab: Distracted        ||     1
 Armour: Robe              ||    10
  Dodge: Dodged            ||    21
